SAAA
VERMONT LAKE MONSTERS @ ALLOWAY HALBERDS
09/15/2030
 
TOP OF THE 1ST
Vermont Lake Monsters batting - Pitching for Alloway Halberds : LHP Gilberto Ramírez
Pitching: LHP Gilberto Ramírez
Batting: SHB Robert La Caze 0-0: Foul Ball, location: 2F
0-1: Ball
1-1: Ball
2-1: Foul Ball, location: 2F
2-2: Strikes out looking
Batting: RHB Edgar Balerio 0-0: Called Strike
0-1: Ball
1-1: Swinging Strike
1-2: Ball
2-2: Fly out, F9 (Flyball, 9S)
Batting: LHB Brad Tillman 0-0: Ball
1-0: Fly out, F7 (Line Drive, 7)
Top of the 1st over - 0 runs, 0 hits, 0 errors, 0 left on base; Vermont 0 - Alloway 0
BOTTOM OF THE 1ST
Alloway Halberds batting - Pitching for Vermont Lake Monsters : LHP Washington Scarpenti
Pitching: LHP Washington Scarpenti
Batting: RHB Vito Middendorf 0-0: Called Strike
0-1: Ball
1-1: Ground out 1-3 (Groundball, 15)
Batting: RHB Juan Salinas 0-0: Ball
1-0: Foul Ball, location: 2F
1-1: Foul Ball, location: 2F
1-2: Foul Ball, location: 2F
1-2: DOUBLE (Line Drive, 7D)
Batting: RHB Jerry Yates 0-0: Ground out 6-3 (Groundball, 6MS)
Juan Salinas to third
Batting: RHB Lúcio López 0-0: Ball
1-0: Called Strike
1-1: Ball
2-1: Ball
3-1: Foul Ball, location: 2F
3-2: Ground out 6-3 (Groundball, 6)
Bottom of the 1st over - 0 runs, 1 hit, 0 errors, 1 left on base; Vermont 0 - Alloway 0
TOP OF THE 2ND
Vermont Lake Monsters batting - Pitching for Alloway Halberds : LHP Gilberto Ramírez
Batting: RHB Cosmo Castanhedo 0-0: Foul Ball, location: 2F
0-1: Ball
1-1: Ball
2-1: Ball
3-1: Base on Balls
Batting: LHB Mark Armstead 0-0: Ball
1-0: Swinging Strike
1-1: Foul Ball, location: 2F
1-2: Ball
2-2: Grounds into double play, 5-4-3 (Groundball, 56)
Batting: RHB Pedro Torres 0-0: Foul Ball, location: 2F
0-1: Ball
1-1: Called Strike
1-2: Strikes out swinging
Top of the 2nd over - 0 runs, 0 hits, 0 errors, 0 left on base; Vermont 0 - Alloway 0
BOTTOM OF THE 2ND
Alloway Halberds batting - Pitching for Vermont Lake Monsters : LHP Washington Scarpenti
Batting: RHB Ethan Stanford 0-0: Ball
1-0: Foul Ball, location: 2F
1-1: Ball
2-1: Swinging Strike
2-2: Foul Ball, location: 2F
2-2: Strikes out looking
Batting: SHB Jack MacAsgill 0-0: Fly out, F8 (Flyball, 8RM)
Batting: RHB Octávio Beltzán 0-0: Called Strike
0-1: Ground out 6-3 (Groundball, 6M)
Bottom of the 2nd over - 0 runs, 0 hits, 0 errors, 0 left on base; Vermont 0 - Alloway 0
TOP OF THE 3RD
Vermont Lake Monsters batting - Pitching for Alloway Halberds : LHP Gilberto Ramírez
Batting: LHB Tullu Amaad 0-0: Ball
1-0: Foul Ball, location: 2F
1-1: Called Strike
1-2: Ball
2-2: Foul Ball, location: 2F
2-2: Strikes out swinging
Batting: SHB Janghyun Sam 0-0: Ball
1-0: Called Strike
1-1: Ball
2-1: Foul Ball, location: 2F
2-2: Ground out 4-3 (Groundball, 4)
Batting: RHB Adrián Palma 0-0: Ball
1-0: Called Strike
1-1: Ball
2-1: Foul Ball, location: 2F
2-2: Foul Ball, location: 2F
2-2: Ball
3-2: Fly out, F8 (Flyball, 89D)
Top of the 3rd over - 0 runs, 0 hits, 0 errors, 0 left on base; Vermont 0 - Alloway 0
BOTTOM OF THE 3RD
Alloway Halberds batting - Pitching for Vermont Lake Monsters : LHP Washington Scarpenti
Batting: RHB Jordan Hollins 0-0: Ball
1-0: Ground out 6-3 (Groundball, 6D)
Batting: LHB Jesús Trevino 0-0: Ball
1-0: Foul Ball, location: 2F
1-1: Ball
2-1: Fly out, F9 (Flyball, 89S)
Batting: RHB Vito Middendorf 0-0: Called Strike
0-1: Hit by Pitch
Batting: RHB Juan Salinas 0-0: Ball
Vito Middendorf steals 2nd base
1-0: Ball
2-0: Called Strike
2-1: Ground out 1-3 (Groundball, P)
Bottom of the 3rd over - 0 runs, 0 hits, 0 errors, 1 left on base; Vermont 0 - Alloway 0
TOP OF THE 4TH
Vermont Lake Monsters batting - Pitching for Alloway Halberds : LHP Gilberto Ramírez
Batting: SHB Robert La Caze 0-0: Ball
1-0: Called Strike
1-1: Ball
2-1: Foul Ball, location: 2F
2-2: Ground out 6-3 (Groundball, 6)
Batting: RHB Edgar Balerio 0-0: Called Strike
0-1: Ball
1-1: Ball
2-1: Foul Ball, location: 2F
2-2: DOUBLE (Line Drive, 8LXD)
Batting: LHB Brad Tillman 0-0: Ball
1-0: Ball
2-0: Ball
3-0: Base on Balls
Batting: RHB Cosmo Castanhedo 0-0: Ball
1-0: Ground out U3 (Groundball, 34S)
Edgar Balerio to third
Brad Tillman to second
Batting: LHB Mark Armstead 0-0: Ball
1-0: Called Strike
1-1: Foul Ball, location: 2F
1-2: Ball
2-2: DOUBLE (Flyball, 89D)
Edgar Balerio scores
Brad Tillman scores
Batting: RHB Pedro Torres 0-0: Foul Ball, location: 2F
0-1: Swinging Strike
0-2: Foul Ball, location: 2F
0-2: Ball
1-2: Fly out, F9 (Flyball, 9)
Top of the 4th over - 2 runs, 2 hits, 0 errors, 1 left on base; Vermont 2 - Alloway 0
BOTTOM OF THE 4TH
Alloway Halberds batting - Pitching for Vermont Lake Monsters : LHP Washington Scarpenti
Batting: RHB Jerry Yates 0-0: Ball
1-0: Ground out 5-3 (Groundball, 5)
Batting: RHB Lúcio López 0-0: SOLO HOME RUN (Flyball, 7LD), Distance : 347 ft
Batting: RHB Ethan Stanford 0-0: Called Strike
0-1: Ball
1-1: Swinging Strike
1-2: Foul Ball, location: 2F
1-2: Strikes out swinging
Batting: SHB Jack MacAsgill 0-0: Called Strike
0-1: Called Strike
0-2: Foul Ball, location: 2F
0-2: Foul Ball, location: 2F
0-2: Ball
1-2: Ball
2-2: Fly out, F6 (Line Drive, 6M)
Bottom of the 4th over - 1 run, 1 hit, 0 errors, 0 left on base; Vermont 2 - Alloway 1
TOP OF THE 5TH
Vermont Lake Monsters batting - Pitching for Alloway Halberds : LHP Gilberto Ramírez
Batting: LHB Tullu Amaad 0-0: Ball
1-0: Ball
2-0: SINGLE (Line Drive, 4D)
Batting: SHB Janghyun Sam 0-0: Bunted foul
0-1: Sac Bunt - play at first, batter safe!
Tullu Amaad to second
Batting: RHB Adrián Palma 0-0: Ball
1-0: Sac Bunt - play at first, batter OUT! 1-4
Tullu Amaad to third
Janghyun Sam to second
Batting: SHB Robert La Caze 0-0: Called Strike
0-1: Ball
1-1: Swinging Strike
1-2: Strikes out swinging
Batting: RHB Edgar Balerio 0-0: Ball
1-0: Ball
2-0: Called Strike
2-1: Ball
3-1: Base on Balls
Batting: LHB Brad Tillman 0-0: Ball
1-0: Ball
2-0: Foul Ball, location: 2F
2-1: Fly out, F7 (Flyball, 7)
Top of the 5th over - 0 runs, 2 hits, 0 errors, 3 left on base; Vermont 2 - Alloway 1
BOTTOM OF THE 5TH
Alloway Halberds batting - Pitching for Vermont Lake Monsters : LHP Washington Scarpenti
Batting: RHB Octávio Beltzán 0-0: Single, Error in OF, E7, batter to second base
Batting: RHB Jordan Hollins 0-0: Ball
1-0: Bunted foul
1-1: Ball
2-1: Bunted foul
2-2: Foul Ball, location: 2F
2-2: Foul Ball, location: 2F
2-2: Ball
3-2: Foul Ball, location: 2F
3-2: Ground out 5-3 (Groundball, 5L)
Batting: LHB Jesús Trevino 0-0: Ball
1-0: Foul Ball, location: 2F
1-1: Ball
2-1: Called Strike
2-2: Ball
3-2: Base on Balls
Batting: RHB Vito Middendorf 0-0: Called Strike
0-1: 3-RUN HOME RUN (Flyball, 9D), Distance : 373 ft
Batting: RHB Juan Salinas 0-0: Ball
1-0: Called Strike
1-1: Ball
2-1: SINGLE (Groundball, 34D)
Batting: RHB Jerry Yates 0-0: Called Strike
0-1: Grounds into double play, 6-4-3 (Groundball, 6)
Bottom of the 5th over - 3 runs, 3 hits, 1 error, 0 left on base; Vermont 2 - Alloway 4
TOP OF THE 6TH
Vermont Lake Monsters batting - Pitching for Alloway Halberds : LHP Gilberto Ramírez
Batting: RHB Cosmo Castanhedo 0-0: Ball
1-0: Foul Ball, location: 2F
1-1: Fly out, F9 (Flyball, 89D)
Batting: LHB Mark Armstead 0-0: Foul Ball, location: 2F
0-1: Foul Ball, location: 2F
0-2: Ball
1-2: Strikes out swinging
Batting: RHB Pedro Torres 0-0: Fly out, F8 (Flyball, 8LXD)
Top of the 6th over - 0 runs, 0 hits, 0 errors, 0 left on base; Vermont 2 - Alloway 4
BOTTOM OF THE 6TH
Alloway Halberds batting - Pitching for Vermont Lake Monsters : LHP Washington Scarpenti
Batting: RHB Lúcio López 0-0: Called Strike
0-1: Ground out 6-3 (Groundball, 6)
Batting: RHB Ethan Stanford 0-0: Ball
1-0: Called Strike
1-1: Ball
2-1: Ball
3-1: Swinging Strike
3-2: Ground out 4-3 (Groundball, 4S)
Batting: SHB Jack MacAsgill 0-0: Foul Ball, location: 2F
0-1: Foul Ball, location: 2F
0-2: Foul Ball, location: 2F
0-2: Foul Ball, location: 2F
0-2: Ball
1-2: Ball
2-2: Ball
3-2: Base on Balls
Batting: RHB Octávio Beltzán 0-0: Called Strike
0-1: Swinging Strike
0-2: Ball
1-2: Ground out U3 (Groundball, 3)
Bottom of the 6th over - 0 runs, 0 hits, 0 errors, 1 left on base; Vermont 2 - Alloway 4
TOP OF THE 7TH
Vermont Lake Monsters batting - Pitching for Alloway Halberds : LHP Gilberto Ramírez
Batting: LHB Tullu Amaad 0-0: Swinging Strike
0-1: Called Strike
0-2: Strikes out looking
Batting: SHB Janghyun Sam 0-0: Ball
1-0: Foul Ball, location: 2F
1-1: Ball
2-1: Ground out 5-3 (Groundball, 56)
Batting: RHB Adrián Palma 0-0: Ball
1-0: Fly out, F9 (Flyball, 9S)
Top of the 7th over - 0 runs, 0 hits, 0 errors, 0 left on base; Vermont 2 - Alloway 4
BOTTOM OF THE 7TH
Alloway Halberds batting - Pitching for Vermont Lake Monsters : LHP Washington Scarpenti
Batting: RHB Jordan Hollins 0-0: Called Strike
0-1: Swinging Strike
0-2: Foul Ball, location: 2F
0-2: Ball
1-2: Ball
2-2: Strikes out swinging
Batting: LHB Jesús Trevino 0-0: Called Strike
0-1: Ball
1-1: Ball
2-1: Fly out, F9 (Line Drive, 89M)
Batting: RHB Vito Middendorf 0-0: Ground out 6-3 (Groundball, 6M)
Bottom of the 7th over - 0 runs, 0 hits, 0 errors, 0 left on base; Vermont 2 - Alloway 4
TOP OF THE 8TH
Vermont Lake Monsters batting - Pitching for Alloway Halberds : LHP Gilberto Ramírez
Pitching: RHP Matthew Fallows
Batting: SHB Robert La Caze 0-0: Fly out, F8 (Flyball, 78D)
Batting: RHB Edgar Balerio 0-0: Called Strike
0-1: Foul Ball, location: 2F
0-2: Strikes out swinging
Batting: LHB Brad Tillman 0-0: Ball
1-0: Called Strike
1-1: Ball
2-1: SINGLE (Line Drive, 8LS)
Pinch Runner at 1st Sven Spee:
Batting: RHB Cosmo Castanhedo 0-0: Ball
1-0: Called Strike
1-1: Ball
2-1: Called Strike
2-2: Fly out, F9 (Line Drive, 9)
Top of the 8th over - 0 runs, 1 hit, 0 errors, 1 left on base; Vermont 2 - Alloway 4
BOTTOM OF THE 8TH
Alloway Halberds batting - Pitching for Vermont Lake Monsters : LHP Washington Scarpenti
Pitching: RHP Santo Velazco
Now at 1B: Sven Spee
Batting: RHB Juan Salinas 0-0: Foul Ball, location: 2F
0-1: Fly out, F6 (Popup, 15S)
Batting: RHB Jerry Yates 0-0: Fly out, F7 (Line Drive, 78M)
Batting: RHB Lúcio López 0-0: Ball
1-0: Foul Ball, location: 2F
1-1: Ball
2-1: Ball
3-1: Called Strike
3-2: Base on Balls
Batting: RHB Ethan Stanford 0-0: Ball
1-0: Called Strike
1-1: Called Strike
1-2: Strikes out swinging, 2-3 out at first.
Bottom of the 8th over - 0 runs, 0 hits, 0 errors, 1 left on base; Vermont 2 - Alloway 4
TOP OF THE 9TH
Vermont Lake Monsters batting - Pitching for Alloway Halberds : RHP Matthew Fallows
Batting: LHB Mark Armstead 0-0: Foul Ball, location: 2F
0-1: Called Strike
0-2: Ball
1-2: Foul Ball, location: 2F
1-2: Ball
2-2: Ball
3-2: Foul Ball, location: 2F
3-2: Foul Ball, location: 2F
3-2: Fly out, F8 (Flyball, 78D)
Batting: RHB Pedro Torres 0-0: Fly out, F4 (Popup, 34)
Batting: LHB Tullu Amaad 0-0: Ball
1-0: Fly out, F2 (Popup, 5SF)
Top of the 9th over - 0 runs, 0 hits, 0 errors, 0 left on base; Vermont 2 - Alloway 4
Sunday, March 18th, 2018 - OOTP Baseball 18.8 Build 76